cohdb
Replays
Latest Replays
All Replays
Popular Replays
Top Player Replays
Match Explorer
How It Works
Community
CoH3 Stats
Reddit
Sign in to upload your games and track your stats! →
Sign in with Steam
Match 39349149
Unlisted
Match 39349149
Overview
Messages
Build Orders
End
Selects Airborne Battlegroup
Selects Pathfinders
Pathfinder Squad
Pathfinder Squad
Construct Barracks
1⁄4-ton 4x4 Truck
Riflemen Squad
Riflemen Squad
Construct Medical Station
Construct Weapon Support Center
Selects Recon Loiter
Mechanized Support Center
Selects Paratrooper Squad Paradrop
M16 Multiple Gun Motor Carriage
M1918 Browning Automatic Rifles
Selects Anti-tank Gun Team Paradrop
Engineer Squad
Anti-tank Gun Team Paradrop
Designate Forward Repair Station
Construct Tank Depot
Selects Supply Drop
M4A1 76mm Conversion
Recon Loiter
Riflemen Squad
M4A1(76) Sherman Medium Tank
Riflemen Squad
Recon Loiter
Selects Carpet Bombing Run
Supply Drop
Pubertz
DibbeTC
Mad Mac
Superett
Humiyuppie
Frusttiger
Французкий еврей
Onderbroek
0
0
Comments
sign in to comment!
No comments posted yet!